 Dungeon Crawl Stone Soup version 0.31.0-1-g2c135a008e (webtiles) character file.

Game seed: 4007940970900237316

9451 qw the Skirmisher (level 11, -9/81 HPs)
             Began as a Djinni Hunter on Jan 23, 2024.
             Was an Elder of Okawaru.
             Killed from afar by an acid dragon (13 damage)
             ... with a splash of acid
             ... on level 10 of the Dungeon.
             The game lasted 00:00:51 (8931 turns).

qw the Skirmisher (Djinni Hunter)                   Turns: 8931, Time: 00:00:52

Health: -9/81      AC:  2    Str: 15    XL:     11   Next: 74%
Gold:   181        EV: 25    Int: 11    God:    Okawaru [****..] SH:  5 Dex: 24

rFire   + + .        j - +0 orcbow (chaos)
rCold   x . .        (shield currently unavailable)
rNeg    . . .        n - +2 robe {Will+}
rPois   inf          e - +0 helmet
rElec   .            d - +0 cloak
rCorr   .            (no gloves)
SInv    .            (boots unavailable)
Will    ++...        m - amulet of reflection
Stlth   ++           k - +6 ring of strength
HPRegen 0.33/turn    p - +5 ring of evasion
MPRegen 0.00/turn

%: reflection, infuse magic (-10 HP)
@: about to teleport, finesse-ful, corroded, flying
A: sickness immunity, fire resistance 2, cold vulnerability 1, float, innate
caster, HP casting, extra vitality 1, agile 1, MP-powered wands
a: Renounce Religion, Heroism, Finesse


You were on level 10 of the Dungeon.
You worshipped Okawaru.
Okawaru was greatly pleased with you.
You visited 2 branches of the dungeon, and saw 11 of its levels.
You also visited: Ossuary.

You collected 511 gold pieces.
You spent 330 gold pieces at shops.


Innate Abilities, Weirdness & Mutations

You are immune to sickness and miasma.
You are immune to poison.
Your flesh is very heat resistant. (rF++)
You are vulnerable to cold. (rC-)
You float through the air rather than walking.
You learn spells naturally, not from books.
Your magical power is your life essence.
You have superior vitality. (+4 MHP)
You are agile. (Dex +4, Str/Int -1)
You expend health (3 HP) to strengthen your wands.


   Skills:
 - Level 8.0 Fighting
 + Level 10.9 Ranged Weapons
 - Level 2.2 Armour
 - Level 9.2 Dodging
 - Level 0.7 Stealth
 + Level 5.1 Invocations


You knew the following spells:

 Your Spells              Type           Power      Damage    Failure   Level
a - Apportation           Tloc           0%         N/A       34%         1
b - Ensorcelled Hibernat  Hex/Ice        0%         N/A       47%         2
c - Teleport Other        Tloc           0%         N/A       71%         3
d - Tukima's Dance        Hex            0%         N/A       71%         3
e - Summon Lightning Spi  Summ/Air       0%         N/A       98%         4
Your spell library was empty.

Inventory:

Hand Weapons
 j - a +0 orcbow of chaos (weapon)
Armour
 d - a +0 cloak (worn)
 e - a +0 helmet (worn)
 n - a +2 robe of willpower (worn)
Jewellery
 k - a +6 ring of strength (left hand)
 m - an amulet of reflection (around neck)
 p - a +5 ring of evasion (right hand)
Wands
 b - a wand of mindburst (13)
 l - a wand of iceblast (14)
 o - a wand of paralysis (22)
Scrolls
 f - 5 scrolls of identify
 g - 3 scrolls of teleportation
Potions
 c - 5 potions of curing
 h - 4 potions of haste

Dungeon Overview and Level Annotations

Branches:
Dungeon (10/15)            Temple (1/1) D:5         Ossuary (visited)
   Lair: D:8-11         Orc: D:9-12

Altars:
Dithmenos
Elyvilon
Fedhas
Gozag
Hepliaklqana
Makhleb
Nemelex Xobeh
Okawaru
Qazlal
Ru
Trog
Uskayaw
Wu Jian
Xom
Yredelemnul
Zin
The Shining One

Shops:
D:1 (   D:3 (   D:7 *   D:9 (

Annotations:
D:3 3 runed translucent doors, Crazy Yiuf; qw's ghost, amateur DjHu
D:6 1 runed translucent door, qw's ghost, novice DjHu


Message History

The acid dragon roars!
The arrow hits the acid dragon but does no damage.
You shoot an arrow. The arrow hits the acid dragon.
You drain the acid dragon.
The acid dragon is moderately wounded.
You shoot an arrow. The arrow hits the acid dragon.
The arrow burns the acid dragon.
The acid dragon is moderately wounded.
You shoot an arrow.
The arrow hits the acid dragon but does no damage.
The acid dragon is moderately wounded.
The acid dragon spits acid at you. The splash of acid hits you!
The acid corrodes you!
You shoot an arrow.
The arrow closely misses the acid dragon.
The acid dragon spits acid at you. The splash of acid misses you.
You hear a bellow!
You shoot an arrow.
The arrow completely misses the acid dragon.
You shoot an arrow.
The arrow hits the acid dragon but does no damage.
The acid dragon seems to speed up.
The acid dragon is moderately wounded.
The acid dragon misses you. The acid dragon closely misses you. x2
The acid dragon claws you.
8929 ||| INVOKING Finesse.
You can now deal lightning-fast blows.
The acid dragon closely misses you. The acid dragon misses you.
You shoot an arrow.
The arrow hits the acid dragon but does no damage.
The acid dragon is moderately wounded.
The acid dragon spits acid at you. The splash of acid hits you!!
8931 ||| READING 4 scrolls of teleportation.
As you read the scroll of teleportation, it crumbles to dust.
You feel strangely unstable. The acid dragon barely misses you. x2
The acid dragon spits acid at you. The splash of acid hits you!
You die...

.............
.....(......##
.............#
.............## ......#.
##....(.......### ........
#...............####.
........
#.................
.....#.## #@####......#
........ #D#.......#...
#Y.....# #>..###...#
..#....#########......<..#
.#..#........Y....####...#
.Y.(".%...y.Y#...## #...#
........=.##.#.#.# #...#
#####..#...#.....# #...#
#..#....y....# #####


You could see an acid dragon (fast, catching breath, drained).

Vanquished Creatures
  2 two-headed ogres
  An ugly thing (D:9)
  Maurice (D:7)
  A gargoyle (D:10)
  Jeremiah (D:7)
  An unseen horror (D:8)
  2 hornets
  A slime creature (D:9)
  A shadow (D:9)
  3 wyverns
  8 yaks
  Grum (D:8)
  An acid dragon (D:9)
  A water moccasin (D:6)
  2 ice beasts
  2 orc warriors (D:8)
  3 wolves (D:8)
  An ogre (D:6)
  A centaur (D:9)
  2 phantoms
  8 scorpions
  4 bullfrogs
  A gnoll sergeant (D:8)
  15 wights
  8 killer bees
  A howler monkey (D:8)
  2 bombardier beetles
  2 centaur zombies (Ossuary)
  2 orc priests (D:8)
  5 hounds
  2 human zombies (Ossuary)
  A jelly (D:7)
  A gnoll bouda (D:5)
  3 iron imps (D:9)
  A sleepcap (D:8)
  Terence (D:2)
  4 orc wizards
  8 scorpion zombies (Ossuary)
  3 mummies (Ossuary)
  15 gnolls
  3 adders
  A shadow imp (D:7)
  3 white imps
  2 ufetubi (D:7)
  9 orcs
  4 ball pythons
  4 bats
  8 endoplasms
  5 giant cockroaches
  8 goblins
  7 hobgoblins
  3 jackals
  4 kobolds
  2 ball python zombies (Ossuary)
  3 frilled lizards
  3 jackal zombies (Ossuary)
  2 orc zombies (Ossuary)
  9 rats
203 creatures vanquished.

Notes
Turn   | Place    | Note
-------+----------+-------------------------------------------
     0 | D:1      | qw the Djinni Hunter began the quest for the Orb.
     0 | D:1      | Reached XP level 1. HP: 18/18 MP: 0/0
     0 | D:1      | 0 ||| qw: Version: 0.3-a-136-gdd3b4e8
     0 | D:1      | 0 ||| qw: Game counter: 995
     0 | D:1      | 0 ||| qw: Melee chars always use a shield: true
     0 | D:1      | 0 ||| qw: God list: Okawaru
     0 | D:1      | 0 ||| qw: Allow faded altars: false
     0 | D:1      | 0 ||| qw: Do Orc after clearing Dungeon:15 true
     0 | D:1      | 0 ||| qw: Do second Lair branch before Depths: true
     0 | D:1      | 0 ||| qw: Lair rune preference: random
     0 | D:1      | 0 ||| qw: Goals: Normal
     0 | D:1      | 0 ||| PLANNING D:1-11
    69 | D:1      | Reached XP level 2. HP: 23/23 MP: 0/0
   218 | D:1      | Reached skill level 4 in Ranged Weapons
   218 | D:1      | Reached XP level 3. HP: 28/28 MP: 0/0
   218 | D:1      | Learned a level 1 spell: Apportation
   233 | D:1      | Found Wyetzao's Weapon Emporium.
   484 | D:1      | 484 ||| UPGRADING to +0 helmet.
   489 | D:1      | 489 ||| UPGRADING to +0 ring mail.
   499 | D:1      | 499 ||| DROPPING +0 leather armour.
   500 | D:1      | 500 ||| READING 3 scrolls labelled MIOBLI JIAKHO.
   500 | D:1      | 500 ||| IDENTIFYING murky coppery potion
   501 | D:1      | 501 ||| DRINKING potion of mutation.
   501 | D:1      | Gained mutation: You are weak. (Str -2) [potion of
                  | mutation]
   501 | D:1      | Gained mutation: Your mind is acute. (Int +4, Str/Dex -1)
                  | [potion of mutation]
   501 | D:1      | Gained mutation: You are resistant to electric shocks.
                  | (rElec) [potion of mutation]
   502 | D:1      | 502 ||| READING 2 scrolls of identify.
   502 | D:1      | 502 ||| IDENTIFYING emerald potion
   503 | D:1      | 503 ||| READING scroll of identify.
   503 | D:1      | 503 ||| IDENTIFYING scroll labelled VYTAG XAHAOBIR
   504 | D:1      | 504 ||| READING 2 scrolls labelled ZEETIN WOBOSUO.
   508 | D:1      | 508 ||| DROPPING scroll of butterflies.
   509 | D:1      | 509 ||| DROPPING scroll of vulnerability.
   525 | D:2      | 525 ||| STAIRDANCE
   531 | D:2      | 531 ||| STAIRDANCE
   641 | D:2      | Reached skill level 1 in Armour
   853 | D:2      | 853 ||| DRINKING potion of mutation.
   853 | D:2      | Lost mutation: Your mind is acute. (Int +4, Str/Dex -1)
                  | [potion of mutation]
   853 | D:2      | Lost mutation: You are weak. (Str -2) [potion of mutation]
   853 | D:2      | Gained mutation: Your movements are slightly less
                  | encumbered by armour. (ER -2) [potion of mutation]
   991 | D:2      | Noticed Terence
  1003 | D:2      | Killed Terence
  1004 | D:2      | Reached skill level 3 in Fighting
  1004 | D:2      | Reached XP level 4. HP: 22/35 MP: 0/0
  1430 | D:2      | 1430 ||| DROPPING +1 hat.
  1431 | D:2      | 1431 ||| READING scroll of identify.
  1431 | D:2      | 1431 ||| IDENTIFYING white potion
  1432 | D:2      | 1432 ||| READING scroll labelled LIETUT FOITIPP.
  1615 | D:3      | Found Ydaoskar's Weapon Boutique.
  1632 | D:3      | 1632 ||| RETREEEEATING.
  1636 | D:3      | 1636 ||| RETREEEEATING.
  1643 | D:3      | HP: 8/35 [gnoll/+0 halberd (2)]
  1644 | D:3      | 1644 ||| READING scroll of teleportation.
  1647 | D:3      | HP: 2/35 [gnoll/+0 halberd (5)]
  1734 | D:3      | Reached XP level 5. HP: 27/40 MP: 0/0
  1734 | D:3      | Learned a level 2 spell: Ensorcelled Hibernation
  1966 | D:3      | Found a large runed translucent door.
  1967 | D:3      | Found a large runed translucent door.
  1970 | D:3      | Noticed qw's ghost (amateur DjHu)
  2080 | D:3      | Found a faded altar of an unknown god.
  2172 | D:3      | Found a runed translucent door.
  2173 | D:3      | Noticed Crazy Yiuf
  2176 | D:3      | 2176 ||| READING 2 scrolls of identify.
  2176 | D:3      | 2176 ||| IDENTIFYING fizzy amethyst potion
  2177 | D:3      | 2177 ||| READING scroll of identify.
  2177 | D:3      | 2177 ||| IDENTIFYING golden potion
  2178 | D:3      | 2178 ||| READING scroll labelled GUKKAXK PECVECW.
  2179 | D:3      | 2179 ||| DRINKING 3 lumpy emerald potions.
  2180 | D:3      | 2180 ||| DROPPING 2 potions of brilliance.
  2181 | D:3      | 2181 ||| DROPPING potion of magic.
  2200 | D:4      | 2200 ||| PLANNING OSSUARY
  2274 | D:4      | Noticed a bullfrog
  2280 | D:4      | Killed a bullfrog
  2281 | D:4      | Reached skill level 5 in Ranged Weapons
  2281 | D:4      | Reached XP level 6. HP: 46/46 MP: 0/0
  2379 | D:4      | Reached skill level 3 in Dodging
  2532 | D:4      | Found a sand-covered staircase.
  2541 | Ossuary  | Entered an ossuary
  2652 | Ossuary  | Reached XP level 7. HP: 43/53 MP: 0/0
  2652 | Ossuary  | Learned a level 3 spell: Teleport Other
  2918 | Ossuary  | Reached skill level 6 in Ranged Weapons
  3086 | Ossuary  | Reached XP level 8. HP: 40/58 MP: 0/0
  3155 | Ossuary  | 3155 ||| DRINKING potion of mutation.
  3155 | Ossuary  | Lost mutation: Your movements are slightly less encumbered
                  | by armour. (ER -2) [potion of mutation]
  3155 | Ossuary  | Lost mutation: You are resistant to electric shocks.
                  | (rElec) [potion of mutation]
  3155 | Ossuary  | Gained mutation: You are partially covered in iridescent
                  | scales. (AC +2) [potion of mutation]
  3309 | Ossuary  | Reached skill level 7 in Ranged Weapons
  3448 | Ossuary  | 3448 ||| UPGRADING to +6 ring of strength.
  3449 | Ossuary  | 3449 ||| READING scroll of identify.
  3449 | Ossuary  | 3449 ||| IDENTIFYING grey potion
  3450 | Ossuary  | 3450 ||| READING scroll labelled FEGENY HAWI.
  3450 | Ossuary  | 3450 ||| BRANDING +0 shortbow.
  3451 | Ossuary  | 3451 ||| READING 2 scrolls labelled SUANAY GYBOQAPH.
  3452 | Ossuary  | 3452 ||| READING scroll labelled XAEDWY TAIZI.
  3453 | Ossuary  | 3453 ||| READING scroll labelled ZIZ DESIPSEXU.
  3454 | Ossuary  | 3454 ||| DRINKING 2 fizzy black potions.
  3494 | Ossuary  | 3494 ||| DROPPING potion of attraction.
  3495 | Ossuary  | 3495 ||| DROPPING potion of lignification.
  3496 | Ossuary  | 3496 ||| DROPPING scroll of revelation.
  3550 | D:4      | 3550 ||| PLANNING D:1-11
  3796 | D:4      | 3796 ||| READING scroll labelled KEXIALUAKH.
  3811 | D:5      | Entered Level 5 of the Dungeon
  4053 | D:5      | Found a staircase to the Ecumenical Temple.
  4054 | D:5      | 4054 ||| PLANNING TEMPLE
  4054 | D:5      | 4054 ||| READING scroll of identify.
  4054 | D:5      | 4054 ||| IDENTIFYING scroll labelled ACANWIAPOPP
  4055 | D:5      | 4055 ||| DROPPING scroll of noise.
  4084 | Temple   | Entered the Ecumenical Temple
  4085 | Temple   | 4085 ||| PLANNING OKAWARU WORSHIP
  4092 | Temple   | Became a worshipper of Warmaster Okawaru
  4093 | Temple   | 4093 ||| PLANNING D:1-11
  4322 | D:5      | 4322 ||| READING scroll of identify.
  4322 | D:5      | 4322 ||| IDENTIFYING black potion
  4323 | D:5      | 4323 ||| DROPPING potion of ambrosia.
  4388 | D:6      | Reached XP level 9. HP: 39/65 MP: 0/0
  4388 | D:6      | Learned a level 3 spell: Tukima's Dance
  4560 | D:6      | 4560 ||| DRINKING potion of mutation.
  4560 | D:6      | Lost mutation: You are partially covered in iridescent
                  | scales. (AC +2) [potion of mutation]
  4560 | D:6      | Gained mutation: You are agile. (Dex +4, Str/Int -1)
                  | [potion of mutation]
  4560 | D:6      | Gained mutation: You expend health (3 HP) to strengthen
                  | your wands. [potion of mutation]
  4645 | D:6      | 4645 ||| DRINKING 6 potions of curing.
  4645 | D:6      | 4645 ||| (to cure confusion)
  4651 | D:6      | Reached skill level 8 in Ranged Weapons
  4733 | D:6      | Reached * piety under Okawaru
  4855 | D:6      | Noticed a two-headed ogre
  4856 | D:6      | 4856 ||| INVOKING Heroism.
  4864 | D:6      | Killed a two-headed ogre
  4999 | D:6      | Found a runed translucent door.
  5003 | D:6      | Noticed qw's ghost (novice DjHu)
  5413 | D:7      | 5413 ||| RETREEEEATING.
  5414 | D:7      | 5414 ||| RETREEEEATING.
  5415 | D:7      | 5415 ||| RETREEEEATING.
  5420 | D:7      | Reached skill level 6 in Fighting
  5420 | D:7      | Reached skill level 1 in Invocations
  5594 | D:7      | Reached XP level 10. HP: 42/72 MP: 0/0
  5596 | D:7      | HP: 13/72 [wyvern (10)]
  5597 | D:7      | 5597 ||| READING 5 scrolls of teleportation.
  5597 | D:7      | HP: 5/72 [wyvern (9)]
  5598 | D:7      | 5598 ||| DRINKING 3 potions of heal wounds.
  5599 | D:7      | 5599 ||| DRINKING 2 potions of heal wounds.
  5600 | D:7      | 5600 ||| DRINKING potion of heal wounds.
  6014 | D:7      | Found a glowing golden altar of the Shining One.
  6039 | D:7      | Found Retig's Retail Resort.
  6045 | D:7      | Reached skill level 3 in Invocations
  6051 | D:7      | 6051 ||| BUYING amulet of reflection (330 gold).
  6051 | D:7      | Bought an amulet of reflection for 330 gold pieces
  6051 | D:7      | 6051 ||| SHOPLISTING potion of resistance (110 gold, have
                  | 12).
  6051 | D:7      | 6051 ||| SHOPLISTING ring of resist corrosion (220 gold,
                  | have 12).
  6060 | D:7      | Noticed Maurice
  6061 | D:7      | 6061 ||| INVOKING Heroism.
  6072 | D:7      | Maurice stole an amulet of reflection
  6075 | D:7      | 6075 ||| INVOKING Heroism.
  6077 | D:7      | Killed Maurice
  6077 | D:7      | Reached ** piety under Okawaru
  6283 | D:7      | Reached skill level 9 in Ranged Weapons
  6285 | D:7      | 6285 ||| FLEEEEING.
  6457 | D:7      | Found a sparkling altar of Nemelex Xobeh.
  6533 | D:7      | Noticed Jeremiah
  6534 | D:7      | 6534 ||| INVOKING Heroism.
  6536 | D:7      | Killed Jeremiah
  6551 | D:7      | Found an ornate altar of the Wu Jian Council.
  6673 | D:7      | 6673 ||| UPGRADING to +0 cloak.
  6678 | D:7      | 6678 ||| UPGRADING to +2 robe of willpower.
  6688 | D:7      | 6688 ||| DROPPING +0 ring mail.
  6689 | D:7      | 6689 ||| UPGRADING to amulet of reflection.
  6694 | D:7      | 6694 ||| UPGRADING to +5 ring of evasion.
  6761 | D:8      | Found a basalt altar of Yredelemnul.
  6786 | D:8      | 6786 ||| SWAPPING to +0 orcbow.
  6787 | D:8      | 6787 ||| DROPPING +0 heavy shortbow.
  6788 | D:8      | 6788 ||| READING scroll of brand weapon.
  6788 | D:8      | 6788 ||| BRANDING +0 orcbow.
  6811 | D:8      | 6811 ||| Stepping randomly (disturbance).
  6812 | D:8      | 6812 ||| Stepping randomly (disturbance).
  6830 | D:8      | Killed an unseen horror
  6969 | D:8      | Noticed a yaktaur
  6969 | D:8      | Noticed a cyan ugly thing
  6974 | D:8      | Noticed a kobold demonologist
  6975 | D:8      | Noticed an efreet
  6981 | D:8      | Noticed a centaur warrior
  6982 | D:8      | Noticed Grum
  6985 | D:8      | 6985 ||| RETREEEEATING.
  6986 | D:8      | 6986 ||| RETREEEEATING.
  6988 | D:8      | 6988 ||| RETREEEEATING.
  6995 | D:8      | Reached *** piety under Okawaru
  7011 | D:8      | HP: 18/75 [wight/+3 mace (4)]
  7012 | D:8      | 7012 ||| READING 4 scrolls of teleportation.
  7227 | D:8      | Noticed a komodo dragon
  7243 | D:8      | Killed Grum
  7294 | D:8      | 7294 ||| RETREEEEATING.
  7300 | D:8      | Reached skill level 10 in Ranged Weapons
  7300 | D:8      | Reached XP level 11. HP: 79/79 MP: 0/0
  7300 | D:8      | Learned a level 4 spell: Summon Lightning Spire
  7748 | D:9      | Noticed a purple ugly thing
  7749 | D:9      | 7749 ||| FLEEEEING.
  7750 | D:9      | 7750 ||| INVOKING Heroism.
  7758 | D:9      | Killed a purple ugly thing
  7759 | D:9      | Reached skill level 9 in Dodging
  7890 | D:9      | 7890 ||| FLEEEEING.
  7893 | D:9      | 7893 ||| FLEEEEING.
  7894 | D:9      | 7894 ||| FLEEEEING.
  7895 | D:9      | 7895 ||| FLEEEEING.
  7896 | D:9      | 7896 ||| FLEEEEING.
  7899 | D:9      | 7899 ||| FLEEEEING.
  7901 | D:9      | 7901 ||| FLEEEEING.
  7902 | D:9      | 7902 ||| FLEEEEING.
  7903 | D:9      | 7903 ||| FLEEEEING.
  7904 | D:9      | 7904 ||| FLEEEEING.
  7911 | D:9      | 7911 ||| INVOKING Heroism.
  8099 | D:9      | Reached **** piety under Okawaru
  8134 | D:9      | 8134 ||| RETREEEEATING.
  8136 | D:9      | 8136 ||| RETREEEEATING.
  8138 | D:9      | 8138 ||| RETREEEEATING.
  8140 | D:9      | 8140 ||| RETREEEEATING.
  8142 | D:9      | 8142 ||| RETREEEEATING.
  8144 | D:9      | 8144 ||| RETREEEEATING.
  8146 | D:9      | 8146 ||| RETREEEEATING.
  8148 | D:9      | 8148 ||| RETREEEEATING.
  8150 | D:9      | 8150 ||| RETREEEEATING.
  8152 | D:9      | 8152 ||| RETREEEEATING.
  8156 | D:9      | 8156 ||| RETREEEEATING.
  8157 | D:9      | 8157 ||| RETREEEEATING.
  8158 | D:9      | 8158 ||| RETREEEEATING.
  8159 | D:9      | 8159 ||| RETREEEEATING.
  8163 | D:9      | 8163 ||| INVOKING Finesse.
  8290 | D:9      | Found Huacaros's Antique Weapon Shoppe.
  8318 | D:9      | Noticed a two-headed ogre
  8319 | D:9      | 8319 ||| INVOKING Finesse.
  8320 | D:9      | 8320 ||| INVOKING Finesse.
  8331 | D:9      | Killed a two-headed ogre
  8748 | D:9      | Found a burning altar of Makhleb.
  8830 | D:10     | Entered Level 10 of the Dungeon
  8851 | D:10     | 8851 ||| INVOKING Finesse.
  8879 | D:10     | 8879 ||| RETREEEEATING.
  8880 | D:10     | 8880 ||| RETREEEEATING.
  8881 | D:10     | 8881 ||| RETREEEEATING.
  8884 | D:10     | 8884 ||| RETREEEEATING.
  8887 | D:10     | 8887 ||| RETREEEEATING.
  8888 | D:10     | 8888 ||| RETREEEEATING.
  8889 | D:10     | 8889 ||| RETREEEEATING.
  8890 | D:10     | 8890 ||| RETREEEEATING.
  8891 | D:10     | 8891 ||| RETREEEEATING.
  8892 | D:10     | 8892 ||| RETREEEEATING.
  8893 | D:10     | 8893 ||| RETREEEEATING.
  8894 | D:10     | 8894 ||| RETREEEEATING.
  8896 | D:10     | 8896 ||| RETREEEEATING.
  8898 | D:10     | 8898 ||| RETREEEEATING.
  8899 | D:10     | 8899 ||| RETREEEEATING.
  8929 | D:10     | 8929 ||| INVOKING Finesse.
  8930 | D:10     | HP: 4/81 [acid dragon/splash of acid (18)]
  8931 | D:10     | 8931 ||| READING 4 scrolls of teleportation.
  8931 | D:10     | Killed from afar by an acid dragon

Levels and vault maps discovered:
D:1:      minmay_arrival_wavy_path, layout_rooms, serial_shops, shop
D:2:      layout_basic, uniq_terence
D:3:      layout_basic, hellmonk_ecumenical_altar_slurped_away, serial_shops,
          nicolae_shop_window_shopping, ebering_ghost_disaster_area,
          uniq_crazy_yiuf_cottage
D:4:      layout_basic, chequers_ossuary_entry_cave
D:5:      layout_cave_pools, minmay_temple_entry_arrows
D:6:      layout_loops_ring, ebering_ghost_sewer_d
D:7:      layout_rooms, mainiacjoe_overflow_boulevard,
          mainiacjoe_overflow_alcove_4, mainiacjoe_overflow_alcove_2,
          lemuel_doored_altar, led_sif_pool, serial_aquarium,
          aquarium_bridge_island_small [aquarium_subvault_small_open,
          aquarium_subvault_window, aquarium_subvault_bridge,
          aquarium_subvault_bridge, aquarium_subvault_bridge],
          aquarium_window_1, aquarium_window_2, aquarium_view_2c,
          aquarium_balcony_1a, aquarium_pool_S, hangedman_decor_opposing,
          chequers_serial_rivers_small_3, nicolae_alphabet_shops, uniq_jeremiah,
          uniq_maurice
D:8:      layout_basic, yredelemnul_altar_generic, grunt_decor_mini_mirrors,
          onia_ninara_dug_in_and_dangerous, uniq_grum
D:9:      layout_roguey, demons_altar, enter_bailey_6, serial_shops, shop,
          kennysheep_pointless_box, minivault_20, kennysheep_generic_room_13
D:10:     layout_rooms, nicolae_overflow_two_pavilions, serial_shops, shop,
          minivault_27
Temple:   hellmonk_temple_forest_ring

Skill      XL: |  1  2  3  4  5  6  7  8  9 10 11 |
---------------+----------------------------------+-----
Ranged Weapons | 4 5 6 7 8 10 | 10.9
Armour         | 1 2 |  2.2
Fighting       | 3 4 5 6 7 8 |  8.0
Dodging        | 3 4 7 8 9 |  9.2
Invocations    | 1 4 5 |  5.1
Stealth        | |  0.7

Action                     |  1- 3 |  4- 6 |  7- 9 | 10-12 || total
---------------------------+-------+-------+-------+-------++-------
   Fire: Shortbow          |    97 |   163 |   328 |    77 ||   665
         Orcbow            |       |       |       |   272 ||   272
 Invoke: Heroism           |       |       |     1 |     5 ||     6
         Finesse           |       |       |       |     4 ||     4
    Use: Scroll            |     4 |     6 |     8 |     4 ||    22
         Potion            |     2 |     1 |     4 |     3 ||    10
 Armour: Leather armour    |    13 |       |       |       ||    13
         Ring mail         |    20 |    53 |   199 |    29 ||   301
         Robe              |       |       |       |    53 ||    53
  Dodge: Dodged            |    35 |    50 |   173 |   165 ||   423
  Block: Other             |       |       |       |    37 ||    37
         Reflection        |       |       |       |     1 ||     1

Table legend:
 A = Non-vault XP
 B = Vault XP
 C = Vault XP percentage of total XP
 D = Non-vault monster count
 E = Vault monster count
 F = Vault count percentage of total count
                 A         B        C        D         E       F
            +---------+---------+-------+---------+---------+-------
      Total |    9500 |    4002 |  29.6 |     159 |      44 |  21.7
            +---------+---------+-------+---------+---------+-------
        D:1 |      45 |       0 |   0.0 |      19 |       0 |   0.0
        D:2 |      32 |      36 |  52.9 |      20 |       1 |   4.8
        D:3 |      73 |       2 |   2.7 |      14 |       1 |   6.7
        D:4 |     259 |       0 |   0.0 |      15 |       0 |   0.0
        D:5 |     314 |       0 |   0.0 |       9 |       0 |   0.0
        D:6 |    1708 |       0 |   0.0 |      14 |       0 |   0.0
        D:7 |    1420 |     914 |  39.2 |      20 |       2 |   9.1
        D:8 |    1702 |     540 |  24.1 |      26 |       4 |  13.3
        D:9 |    2656 |    1403 |  34.6 |      14 |       7 |  33.3
       D:10 |    1291 |       0 |   0.0 |       8 |       0 |   0.0
    Ossuary |       0 |    1107 | 100.0 |       0 |      29 | 100.0
            +---------+---------+-------+---------+---------+-------
